 Dungeon Crawl Stone Soup version 0.31-a0-618-g7ca08c1ff9 (webtiles) character file.

Game seed: 1771039528036915955

17 spiderkeys the Ruffian (level 2, 0/18 HPs)
             Began as an Octopode Shapeshifter on Aug 22, 2023.
             Slain by a jackal (2 damage)
             ... on level 2 of the Dungeon.
             The game lasted 00:00:52 (578 turns).

spiderkeys the Ruffian (Octopode Shapeshifter)       Turns: 578, Time: 00:00:52

Health: 0/18       AC:  1    Str: 14    XL:     2   Next: 62%
Magic:  2/2        EV: 13    Int: 10    God:
Gold:   35         SH:  0    Dex: 12    Spells: 1/1 levels left

rFire   . .          .
                       - Unarmed
rCold   . . .        (no shield)
rNeg    . . .        (helmet currently unavailable)
rPois   .            (no amulet)
rElec   .            (no ring)
rCorr   .            (no ring)
SInv    .            (no ring)
Will    .....        (no ring)
Stlth   ++           (no ring)
HPRegen 0.23/turn    (no ring)
MPRegen 0.08/turn    (no ring)
                     (no ring)

%: no passive effects
@: beast-form
A: beast (slay +1), almost no armour, amphibious, 8 rings, camouflage 1,
gelatinous body 1, (nimble swimmer 1), tentacles
a: Begin Untransformation


You were on level 2 of the Dungeon.
You were a hulking beast.
You visited 1 branch of the dungeon, and saw 2 of its levels.

You collected 35 gold pieces.


Innate Abilities, Weirdness & Mutations

You are a hulking beast.
Your limbs bulge with bestial killing power. (Slay +1)
You cannot wear most types of armour.
You are amphibious.
You can wear up to eight rings at the same time.
Your skin changes colour to match your surroundings (Stealth+).
Your rubbery body absorbs attacks. (AC +1, EV +1)
((You are camouflaged when in or above water. (Stealth+)))
You have tentacles for arms and can constrict up to eight enemies at once.


   Skills:
 + Level 1.4 Fighting
 + Level 2.3 Dodging
 + Level 3.2 Unarmed Combat
 + Level 3.2 Shapeshifting


You had one spell level left.
You didn't know any spells.
Your spell library was empty.

Inventory:

Missiles
 g - 8 stones
 i - 5 poisoned darts
Talismans
 b - a beast talisman (active)
 c - a flux talisman
Scrolls
 e - a scroll of amnesia {unknown}
 f - 3 scrolls of identify {unknown}
 h - a scroll of summoning {unknown}
Potions
 a - 2 potions of lignification {!q}
 d - a potion of cancellation {unknown}

Dungeon Overview and Level Annotations

Branches:
Dungeon (2/15) Zot: 11422

Altars:

Shops:
D:1

*
#........#
######.w.#
#.g.# #.$.#
#...#
####.#.#
####l.g.#.#
#.hK.h....#
#h##.##.###
#.##.##.#
#.##.##.#
..##.##.#
.###.##.#
#. #.# .#
.# .. ..#
.# #. .#


You could see a gnoll, 2 jackals, a kobold and a frilled lizard.


Message History

No target in view!
Key pressed, stopping explore.
There is a stone staircase leading down here.
Key pressed, stopping explore.
Key pressed, stopping explore.
Things that are here:
a +0 club; a goblin skeleton
Things that are here:
a +0 club; a goblin skeleton A hobgoblin comes into view.
A hobgoblin is nearby!
The helpless hobgoblin fails to defend itself.
You tentacle-slap the hobgoblin but do no damage.
You grab the hobgoblin. You squeeze the hobgoblin. You constrict the hobgoblin.
The hobgoblin hits you. 😕 HP[-1]
You take 1 damage, and now have 17/18 hp.
You tentacle-slap the hobgoblin.
You kill the hobgoblin!
No target in view!
Key pressed, stopping explore.
Key pressed, stopping explore.
You now have 35 gold pieces (gained 9).
Done exploring. 😎 HP[+1]
Your hp is fully restored (18).
Done exploring.
Done exploring.
Done exploring.
Done exploring.
There is a stone staircase leading down here.
You climb downwards.
There is a stone staircase leading up here.
A rat is nearby!
A rat is nearby!
Found a scroll labelled LIUGGO OPELEPS.
Found a stone staircase leading up.
The helpless rat fails to defend itself.
You tentacle-slap the rat. You grab the rat. You tentacle-slap the rat.
You kill the rat!
No target in view!
No target in view!
A hobgoblin comes into view.
A sourceless malevolence fills the Dungeon... and a teleportation trap spontaneously manifests!
You are yanked towards a nearby monster!
Your surroundings suddenly seem different.
A frilled lizard comes into view.
The hobgoblin moves out of view.
The helpless frilled lizard fails to defend itself.
You tentacle-slap the frilled lizard.
You kill the frilled lizard!
No target in view!
No target in view!
No target in view!
A gnoll comes into view. It is wielding a +0 spear.
A gnoll is nearby!
A gnoll comes into view. It is wielding a +0 whip.
A dart slug comes into view.
A frilled lizard and 2 jackals come into view.
The jackal barks!
The dart slug launches a dart at you. The slug dart hits you. 😕 HP[-3]
You take 3 damage, and now have 15/18 hp.
The jackal barely misses you. The jackal bites you. The dart slug misses you.
The gnoll attacks as it pursues you!
The gnoll hits you from afar with a +0 spear.
* * * LOW HITPOINT WARNING * * *
😨 HP[-6]
You take 6 damage, and now have 9/18 hp.
MASSIVE DAMAGE!! (PAUSE)
The frilled lizard closely misses you. The jackal attacks as it pursues you!
The jackal bites you.
* * * LOW HITPOINT WARNING * * *
😨 HP[-3]
You take 3 damage, and now have 6/18 hp.
A kobold comes into view. It is wielding a +0 club.
The jackal attacks as it pursues you!
The jackal bites you but does no damage.
Unknown command.
The kobold shouts!
The jackal attacks as it pursues you! The jackal barely misses you.
The jackal bites you.
* * * LOW HITPOINT WARNING * * *
😨 HP[-1]
You take 1 damage, and now have 5/18 hp.
The kobold hits you with a +0 club.
* * * LOW HITPOINT WARNING * * *
😱 HP[-4]
You take 4 damage, and now have 1/18 hp.
MASSIVE DAMAGE!! (PAUSE)
The kobold closely misses you. The jackal bites you.
* * * LOW HITPOINT WARNING * * *
You see here 8 stones.
Unknown command.
The kobold attacks as it pursues you! The kobold barely misses you.
The kobold throws a stone.
The stone closely misses you. 😱 HP[+1]
Okay, then.
The jackal bites you.
You die...

Action                     || total
---------------------------++-------
  Melee: Unarmed           ||    23
         Constrict         ||     7
         Tentacles         ||     4
         Punch             ||     1
   Stab: Sleeping          ||     7
 Armour: Skin              ||     2
  Dodge: Dodged            ||    12

Levels and vault maps discovered:
D:1:      minmay_arrival_arboretum_small, layout_rooms, serial_shops,
          nicolae_shop_tiny_statue_garden
D:2:      minmay_chambers_of_ones, layout_loops_ring

Notes
Turn   | Place    | Note
-------+----------+-------------------------------------------
     0 | D:1      | spiderkeys the Octopode Shapeshifter began the quest for
                  | the Orb.
     0 | D:1      | Reached XP level 1. HP: 13/13 MP: 1/1
     0 | D:1      | magus.rc [v1.11.6]
   119 | D:1      | Reached XP level 2. HP: 16/18 MP: 2/2
   212 | D:1      | Found Tenicso's Assorted Antiques.
   572 | D:2      | HP: 1/18 [kobold/+0 club (4)]
   578 | D:2      | Slain by a jackal

Vanquished Creatures
  2 endoplasms (D:1)
  4 goblins (D:1)
  3 hobgoblins (D:1)
  A quokka (D:1)
  A ball python (D:1)
  A frilled lizard (D:2)
  3 rats
15 creatures vanquished.

Table legend:
 A = Non-vault XP
 B = Vault XP
 C = Vault XP percentage of total XP
 D = Non-vault monster count
 E = Vault monster count
 F = Vault count percentage of total count
                 A         B        C        D         E       F
            +---------+---------+-------+---------+---------+-------
      Total |      25 |       0 |   0.0 |      15 |       0 |   0.0
            +---------+---------+-------+---------+---------+-------
        D:1 |      23 |       0 |   0.0 |      13 |       0 |   0.0
        D:2 |       2 |       0 |   0.0 |       2 |       0 |   0.0
            +---------+---------+-------+---------+---------+-------

Action                     || total
---------------------------++-------
  Melee: Unarmed           ||    23
         Constrict         ||     7
         Tentacles         ||     4
         Punch             ||     1
   Stab: Sleeping          ||     7
 Armour: Skin              ||     2
  Dodge: Dodged            ||    12

Illustrated notes

Table legend:
 A = Kills in this place as a percentage of kills in the entire game.
 B = Kills by you in this place as a percentage of kills by you in the entire game.
 C = Kills by friends in this place as a percentage of kills by friends in the entire game.
 D = Other kills in this place as a percentage of other kills in the entire game.
 E = Experience gained in this place as a percentage of experience gained in the entire game.
 F = Experience gained in this place divided by the number of levels of this place that you have seen.
                   A       B       C       D       E      F
               +-------+-------+-------+-------+-------+----------------------
         Total | 100.0 | 100.0 |   N/A |   N/A | 100.0 |  12.5
       Dungeon | 100.0 | 100.0 |   N/A |   N/A | 100.0 |  12.5
               +-------+-------+-------+-------+-------+----------------------

Table legend: (Time is in decaauts)
 A = Elapsed time spent in this place.
 B = Non-inter-level travel time spent in this place.
 C = Inter-level travel time spent in this place.
 D = Time resting spent in this place.
 E = Time spent auto-exploring this place.
 F = Levels seen in this place.
 G = Mean time per level.
                   A        B        C        D        E       F      G
               +--------+--------+--------+--------+--------+-----+--------+
         Total |    576 |    547 |     29 |      0 |    434 |   2 |  288.0 |
       Dungeon |    576 |    547 |     29 |      0 |    434 |   2 |  288.0 |
               +--------+--------+--------+--------+--------+-----+--------+

Top non-repeatable levels by time:
     D:1: 550 daAuts
     D:2: 25 daAuts
